 Dungeon Crawl Stone Soup version 0.31-a0-840-g6d2ecbb638 (webtiles) character file.

Game seed: 2119152327180364699

2396 BritishOli the Trooper (level 9, -7/72 HPs)
             Began as a Demonspawn Fighter on Sept 11, 2023.
             Mangled by a cyan ugly thing (14 damage)
             ... on level 6 of the Dungeon on Sept 27, 2023.
             The game lasted 00:04:43 (4696 turns).

BritishOli the Trooper (Demonspawn Fighter)         Turns: 4696, Time: 00:04:44

Health: -7/72      AC:  7    Str: 20    XL:     9   Next: 22%
Magic:  9/9        EV: 14    Int: 11    God:
Gold:   323        SH:  5    Dex: 12    Spells: 8/8 levels left

rFire   . . .        a - +0 war axe
rCold   . . .        c - +0 buckler
rNeg    . . .        b - +0 scale mail
rPois   .            (no helmet)
rElec   .            (no cloak)
rCorr   .            (no gloves)
SInv    .            (no boots)
Will    .....        (no amulet) Stlth
                     f - ring of flight
HPRegen 0.32/turn    p - +5 ring of evasion
MPRegen 0.11/turn

%: no passive effects
@: flying
A: hooves 2, spiny 1
a: no special abilities


You were on level 6 of the Dungeon.
You visited 1 branch of the dungeon, and saw 6 of its levels.

You collected 323 gold pieces.

Inventory:

Hand Weapons
 a - a +0 war axe (weapon)
Armour
 b - a +0 scale mail (worn)
 c - a +0 buckler (worn)
Jewellery
 f - a ring of flight (left hand)
 j - a ring of fire
 p - a +5 ring of evasion (right hand)
 A - a ring of positive energy
Wands
 r - a wand of flame (11)
Scrolls
 g - 7 scrolls of teleportation {unknown}
 h - 6 scrolls of identify {unknown}
 i - 2 scrolls of brand weapon {unknown}
 n - 3 scrolls of butterflies {unknown}
 q - a scroll of enchant armour {unknown}
 s - a scroll of amnesia {unknown}
 v - a scroll of fear {unknown}
 x - 4 scrolls of vulnerability {unknown}
 y - a scroll of revelation {unknown}
 C - a scroll of poison {unknown}
Potions
 d - a potion of might
 e - 5 potions of curing {unknown}
 k - a potion of brilliance {unknown}
 l - a potion of ambrosia {unknown}
 m - a potion of invisibility {unknown}
 o - a potion of cancellation {unknown}
 t - a potion of magic {unknown}
 u - a potion of haste {unknown}
 w - 2 potions of heal wounds {unknown}
 z - a potion of mutation {unknown}
 B - a potion of berserk rage {unknown}


   Skills:
 + Level 7.0 Fighting
 + Level 6.0 Axes
 + Level 6.4 Armour
 - Level 6.0 Shields


You had 8 spell levels left.
You didn't know any spells.
Your spell library contained the following spells:

 Spells                   Type           Power      Damage    Failure   Level
 Magic Dart               Conj           0%         1d3       75%         1
 Searing Ray              Conj           0%         2d4       86%         2
 Animate Armour           Summ/Erth      0%         N/A       100%        4
 Fulminant Prism          Conj/Hex       0%         3d5       100%        4
 Summon Lightning Spire   Summ/Air       0%         N/A       100%        4
 Lee's Rapid Deconstruct  Erth           0%         3d4*      100%        5


Dungeon Overview and Level Annotations

Branches:
Dungeon (6/15)             Temple (0/1) D:6

Altars:
Kikubaaqudgha
Sif Muna
Vehumet
Wu Jian


Innate Abilities, Weirdness & Mutations

You have hoof-like feet.
You are partially covered in sharp spines.


Message History

The black bear is heavily wounded.
You slash the cyan ugly thing! You hit the white imp but do no damage.
The black bear is struck by your spines.
The black bear bites you. The black bear barely misses you.
You block the black bear's attack. The cyan ugly thing gores you.
The cyan ugly thing shocks you! The white imp closely misses you.
The black bear goes berserk!
The cyan ugly thing is struck by your spines.
The cyan ugly thing closely misses you. The white imp gestures at you.
You block the puff of frost.
You are too injured to fight recklessly!
Unknown command.
You are too injured to fight recklessly!
Unknown command.
You are too injured to fight recklessly!
Unknown command.
You are too injured to fight recklessly!
Unknown command.
You are too injured to fight recklessly!
The black bear rages.
The black bear attacks as it pursues you!
The black bear closely misses you. The black bear claws you.
* * * LOW HITPOINT WARNING * * *
The black bear claws you but does no damage.
You slash the black bear!
You kill the black bear!
The white imp gestures at you. The puff of frost hits you.
* * * LOW HITPOINT WARNING * * *
Your Fighting skill increases to level 7!
Your Axes skill increases to level 6!
You hit the wight. You kick the wight.
The wight is moderately damaged.
You slash the cyan ugly thing! You kick the cyan ugly thing!
The cyan ugly thing is severely wounded.
The cyan ugly thing gores you!
* * * LOW HITPOINT WARNING * * *
The cyan ugly thing shocks you!
You die...

##.# # #######.######## ##
...............# .#
.####.....####.# +##
#[.##...##.[#.# ..#
#...##.##...#.# ..#
##..z#.#)..##.# ..###
#..##5u#.#'†##..##.#.# .....
#...###@..###...##.#.# ..##.
........8........#.#.#
..##.####....###...###......#..
..##..#.....##.)#.#†.##..##.#.###
..# #...##.##...#.#...##.##.#..<#
..####..##.#...##.##...#.##.#.#.#
<..........#..##...##..#.##.....#
..#####....####.....####.##.#.#.#
..# ##.................#..#.#.#


You could see a cyan ugly thing, a wight and a white imp.

Vanquished Creatures
  Pikel (D:4)
  Grinder (D:6)
  Sigmund (D:2)
  A black bear (D:6)
  2 ice beasts (D:6)
  An ogre (D:5)
  2 lemures (D:4)
  2 phantoms
  2 bullfrogs (D:6)
  2 scorpions (D:5)
  3 wights (D:5)
  4 hounds
  4 iguanas
  A sleepcap (D:4)
  Natasha (twice) (D:2)
  5 orc wizards
  Robin (D:3)
  7 adders
  7 gnolls
  2 shadow imps (D:6)
  3 worms
  3 dart slugs
  7 orcs
  8 ball pythons
  9 endoplasms
  5 giant cockroaches
  10 goblins
  7 hobgoblins
  7 kobolds
  4 quokkas
  6 bats
  A frilled lizard (D:2)
  3 rats
124 creatures vanquished.

Notes
Turn   | Place    | Note
-------+----------+-------------------------------------------
     0 | D:1      | BritishOli the Demonspawn Fighter began the quest for the
                  | Orb.
     0 | D:1      | Reached XP level 1. HP: 18/18 MP: 1/1
   197 | D:1      | Gained mutation: You are partially covered in sharp spines.
                  | [demonic ancestry]
   197 | D:1      | Reached XP level 2. HP: 24/24 MP: 2/2
   638 | D:2      | Gained mutation: You have large cloven feet. [demonic
                  | ancestry]
   638 | D:2      | Reached XP level 3. HP: 29/29 MP: 3/3
   850 | D:2      | Gained mutation: You have hoof-like feet. [demonic
                  | ancestry]
   850 | D:2      | Reached XP level 4. HP: 21/35 MP: 4/4
   915 | D:2      | Noticed Natasha
   921 | D:2      | Killed Natasha
  1036 | D:2      | Noticed Natasha
  1046 | D:2      | Killed Natasha
  1166 | D:2      | Found a faded altar of an unknown god.
  1254 | D:2      | Reached XP level 5. HP: 42/42 MP: 5/5
  1543 | D:2      | Noticed Sigmund
  1561 | D:2      | Killed Sigmund
  1562 | D:2      | Reached skill level 4 in Fighting
  1562 | D:2      | Reached XP level 6. HP: 37/48 MP: 6/6
  1922 | D:3      | Found a radiant altar of Vehumet.
  1954 | D:3      | Found an ancient bone altar of Kikubaaqudgha.
  1957 | D:3      | Noticed Robin
  1969 | D:3      | Killed Robin
  1994 | D:3      | Found a shimmering blue altar of Sif Muna.
  2320 | D:4      | Reached XP level 7. HP: 45/55 MP: 7/7
  2473 | D:4      | HP: 2/55 [lemure[Pikel] (4)]
  2658 | D:4      | Reached skill level 5 in Fighting
  2716 | D:4      | Noticed Pikel
  2731 | D:4      | Killed Pikel
  2732 | D:4      | Reached skill level 5 in Armour
  2732 | D:4      | Reached skill level 5 in Shields
  2732 | D:4      | Reached XP level 8. HP: 6/63 MP: 8/8
  3209 | D:5      | Entered Level 5 of the Dungeon
  3369 | D:5      | Found an ornate altar of the Wu Jian Council.
  3410 | D:5      | Reached skill level 5 in Axes
  3490 | D:5      | Reached skill level 6 in Fighting
  3727 | D:5      | Upgraded the game from 0.31-a0-726-g3c93526463 to
                  | 0.31-a0-840-g6d2ecbb638
  4149 | D:6      | Found a staircase to the Ecumenical Temple.
  4282 | D:6      | Noticed Grinder
  4291 | D:6      | Killed Grinder
  4504 | D:6      | Reached XP level 9. HP: 71/71 MP: 9/9
  4686 | D:6      | Noticed a cyan ugly thing
  4695 | D:6      | Reached skill level 7 in Fighting
  4696 | D:6      | Mangled by a cyan ugly thing

Illustrated notes

Levels and vault maps discovered:
D:1:      lemuel_arrival_river_ford, layout_basic
D:2:      layout_loops_ring, shapermc_ecumenical_altar_mp_urbaneastern,
          grunt_decor_one_mirror, chequers_serial_rivers_micro_b,
          minmay_misc_feat_diagonals, hangedman_decor_points, minivault_11,
          kennysheep_nub, minivault_23, uniq_natasha, uniq_sigmund
D:3:      layout_rooms, palyth_temple_overflow_mages, grunt_ministairs_11,
          uniq_robin
D:4:      layout_rooms, uniq_pikel
D:5:      layout_loops_ring, lemuel_doored_altar
D:6:      cheibrodos_barr_body, layout_basic, gammafunk_temple_overflow_claw,
          minmay_temple_entry_stoned_glass, uniq_grinder

Skill      XL: |  1  2  3  4  5  6  7  8  9 |
---------------+----------------------------+-----
Axes           | 2 3 4 5 6 |  6.0
Shields        | 3 4 5 6 |  6.0
Armour         | 3 4 5 6 |  6.4
Fighting       | 4 5 6 7 |  7.0

Action                     |  1- 3 |  4- 6 |  7- 9 || total
---------------------------+-------+-------+-------++-------
  Melee: War axe           |    63 |   104 |   128 ||   295
         Kick              |     7 |    17 |    49 ||    73
 Armour: Scale mail        |    48 |    66 |    88 ||   202
  Dodge: Dodged            |    31 |    48 |   108 ||   187
  Block: Buckler           |    15 |    27 |    48 ||    90

Table legend: (Time is in decaauts)
 A = Elapsed time spent in this place.
 B = Non-inter-level travel time spent in this place.
 C = Inter-level travel time spent in this place.
 D = Time resting spent in this place.
 E = Time spent auto-exploring this place.
 F = Levels seen in this place.
 G = Mean time per level.
                   A        B        C        D        E       F      G
               +--------+--------+--------+--------+--------+-----+--------+
         Total |   4798 |   4678 |    120 |    349 |   3533 |   6 |  799.7 |
       Dungeon |   4798 |   4678 |    120 |    349 |   3533 |   6 |  799.7 |
               +--------+--------+--------+--------+--------+-----+--------+

Top non-repeatable levels by time:
     D:2: 1092 daAuts
     D:5: 913 daAuts
     D:3: 849 daAuts
     D:4: 760 daAuts
     D:6: 596 daAuts
     D:1: 586 daAuts
